 Dungeon Sprint DCSS version 0.30-a0-859-gf88a04b62d (webtiles) character file.

Game seed: 8027897308564013263

900 BigDaddyOpFi the Protected (level 7, -12/70 HPs)
             Began as an Armataur Fighter on Mar 6, 2023.
             Was an Elder of Qazlal.
             Mangled by a demonic crawler (14 damage)
             ... in the Dungeon (Sprint VII: "The Pits").
             The game lasted 00:01:15 (815 turns).

BigDaddyOpFi the Protected (Armataur Fighter)        Turns: 815, Time: 00:01:15

Health: -12/70     AC: 13    Str: 24    XL:     7   Next: 79%
Magic:  4/14       EV:  6    Int:  8    God:    Qazlal [****..]
Gold:   0          SH: 11    Dex:  9    Spells: 6/6 levels left

rFire   . . .      SeeInvis .    a - +0 war axe
rCold   . . .      Faith    .    c - +0 buckler
rNeg    . . .      Spirit   .    l - +3 chain mail
rPois   .          Reflect  .    (no helmet)
rElec   .          Roll     +    (no cloak)
rCorr   .          NoTele   +    (no gloves)
Will    .....                    (no barding) Stlth
                                 (no amulet)
HPRegen 0.31/turn                (no ring)
MPRegen 0.14/turn                (no ring)

@: repel missiles
A: large, rugged brown scales 3, deformed body, armoured tail, roll, long
tongue, awkward tongue
a: Renounce Religion, Upheaval, Elemental Force


You were in the Dungeon.
You worshipped Qazlal.
Qazlal was greatly pleased with you.
You visited 1 branch

Inventory:

Hand Weapons
 a - a +0 war axe (weapon)
Armour
 c - a +0 buckler (worn)
 l - a +3 chain mail (worn)
Scrolls
 j - a scroll of blinking
Potions
 e - 6 potions of curing
 f - 6 potions of heal wounds
 g - a potion of haste
 h - 4 potions of magic
 i - 3 potions of berserk rage
 k - 2 potions of invisibility


   Skills:
 + Level 7.1 Fighting
 + Level 6.2 Axes
 + Level 9.5 Armour
 + Level 8.5 Shields
 * Level 9.4 Invocations


You had 6 spell levels left.
You didn't know any spells.
Your spell library was empty.

Dungeon Overview and Level Annotations

Branches:
Dungeon (1/1)

Altars:
Ashenzari
Cheibriados
Dithmenos
Elyvilon
Fedhas
Gozag
Hepliaklqana
Kikubaaqudgha
Makhleb
Nemelex Xobeh
Okawaru
Qazlal
Ru
Sif Muna
Trog
Uskayaw
Vehumet
Wu Jian
Xom
Yredelemnul
Zin
The Shining One
Jiyva
Lugonu


Innate Abilities, Weirdness & Mutations

You are completely covered in rugged brown scales. (AC +3, +7% HP)
Armour fits poorly on your strangely shaped body.
You have a long armoured tail.
You roll when moving toward enemies. (Rampage)
Your long tongue fully drains potion bottles. (2x potion effects)
Your tongue gives you trouble enunciating. (1.5x scroll delay)


Message History

The demonic crawler is heavily wounded.
You can no longer call upon nature's wrath in a wide area around you.
You closely miss the adder. You hit the demonic crawler.
The demonic crawler is heavily wounded.
You block the demonic crawler's attack. The demonic crawler hits you. x2
You closely miss the demonic crawler. You tail-slap the demonic crawler.
The demonic crawler is heavily wounded.
You block the demonic crawler's attack. x2
The demonic crawler hits you but does no damage. x2
The demonic crawler barely misses you. The demonic crawler hits you.
Okay, then.
Aiming: Upheaval
Press: ? - help, Dir - move target, f - elephant
Aim: an elephant The ground shakes violently, spewing rubble!
The blast of rubble hits the elephant!!
The elephant is moderately wounded.
The adder is engulfed in blazing flames.
You kill the adder!
Qazlal accepts your kill. You block the demonic crawler's attack.
The demonic crawler hits you! You block the demonic crawler's attack.
You closely miss the demonic crawler.
The demonic crawler is lightly wounded.
The demonic crawler hits you but does no damage.
The demonic crawler hits you. You block the demonic crawler's attack.
The demonic crawler hits you! The demonic crawler barely misses you.
The demonic crawler hits you but does no damage.
You hit the demonic crawler but do no damage.
The demonic crawler hits you! x2
* * * LOW HITPOINT WARNING * * *
You block the demonic crawler's attack.
The elephant is struck by lightning.
You barely miss the demonic crawler. The demonic crawler hits you!
* * * LOW HITPOINT WARNING * * *
The demonic crawler hits you.
* * * LOW HITPOINT WARNING * * *
The demonic crawler closely misses you. x2
You block the demonic crawler's attack. The demonic crawler hits you!
You die...

#.##'#..#'###...<...#
#.#........##.......#
#.#........##.......#
#†###########.......#
#.......#..##########
#..#.#..#)# ###
#.##)##.#.# ...#
#.......#)#....#
#.##.##.#@sY...+
#..#.#..#'#°...#
#.......÷.# ...#
########### ###


You could see an elephant and a demonic crawler.

Vanquished Creatures
  A blink frog (D)
  A floating eye (D)
  An orc warrior (D)
  A sky beast (D)
  2 ogres (D)
  A phantom (D)
  A kobold brigand (D)
  An orc priest (D)
  2 gnolls (D)
  2 river rats (D)
  3 adders (D)
  2 orcs (D)
  2 ball pythons (D)
  An endoplasm (D)
  A giant cockroach (D)
  A quokka (D)
23 creatures vanquished.

Notes
Turn   | Place    | Note
-------+----------+-------------------------------------------
     0 | D        | BigDaddyOpFi the Armataur Fighter began the quest for the
                  | Orb.
     0 | D        | Reached XP level 1. HP: 19/19 MP: 1/1
    14 | D        | Reached XP level 2. HP: 25/27 MP: 2/2
    17 | D        | Found a bloodstained altar of Trog.
    17 | D        | Found a shimmering blue altar of Sif Muna.
    17 | D        | Found a viscous altar of Jiyva.
    17 | D        | Found a hazy altar of Hepliaklqana.
    17 | D        | Found an opulent altar of Gozag.
    18 | D        | Found a glowing golden altar of the Shining One.
    18 | D        | Found a glowing silver altar of Zin.
    18 | D        | Found a basalt altar of Yredelemnul.
    18 | D        | Found a shimmering altar of Xom.
    18 | D        | Found an ornate altar of the Wu Jian Council.
    18 | D        | Found a sacrificial altar of Ru.
    18 | D        | Found a stormy altar of Qazlal.
    18 | D        | Found an iron altar of Okawaru.
    18 | D        | Found a sparkling altar of Nemelex Xobeh.
    18 | D        | Found a burning altar of Makhleb.
    18 | D        | Found a blossoming altar of Fedhas.
    18 | D        | Found a white marble altar of Elyvilon.
    18 | D        | Found a shadowy altar of Dithmenos.
    18 | D        | Found a snail-covered altar of Cheibriados.
    19 | D        | Found a radiant altar of Vehumet.
    19 | D        | Found a corrupted altar of Lugonu.
    20 | D        | Found an ancient bone altar of Kikubaaqudgha.
    20 | D        | Found a hide-covered altar of Uskayaw.
    20 | D        | Found a broken altar of Ashenzari.
    25 | D        | Became a worshipper of Qazlal Stormbringer
   167 | D        | Reached * piety under Qazlal
   186 | D        | Reached skill level 5 in Armour
   186 | D        | Reached skill level 1 in Invocations
   186 | D        | Reached XP level 3. HP: 18/35 MP: 3/3
   357 | D        | Noticed a floating eye
   358 | D        | Paralysed by a floating eye for 2 turns
   361 | D        | Killed a floating eye
   361 | D        | Reached ** piety under Qazlal
   362 | D        | Reached skill level 5 in Shields
   362 | D        | Reached XP level 4. HP: 41/43 MP: 3/7
   371 | D        | Reached XP level 5. HP: 41/50 MP: 4/8
   433 | D        | Noticed a sky beast
   449 | D        | Reached *** piety under Qazlal
   450 | D        | Reached skill level 5 in Invocations
   455 | D        | Killed a sky beast
   456 | D        | Reached skill level 5 in Fighting
   457 | D        | Noticed a phantom
   465 | D        | Killed a phantom
   466 | D        | Reached skill level 5 in Axes
   466 | D        | Reached XP level 6. HP: 39/60 MP: 9/11
   472 | D        | Reached **** piety under Qazlal
   487 | D        | Noticed a blink frog
   493 | D        | Killed a blink frog
   494 | D        | Reached XP level 7. HP: 41/68 MP: 11/13
   499 | D        | Reached ***** piety under Qazlal
   807 | D        | Noticed an elephant
   807 | D        | Noticed a demonic crawler
   815 | D        | HP: 3/70 [demonic crawler (14)]
   815 | D        | Mangled by a demonic crawler

Illustrated notes

Levels and vault maps discovered:
D:        pitsprint [storerooms_1, entrance_room_1, metal_vault_5, armoury_2,
          mini_pit_1, grid_room_1, main_hall_1, silver_pit, the_coven_1,
          the_vestibule_1, steel_vault_5, golden_pit, hallway_of_sentries,
          crystal_vault_3, iron_vault_1, final_vault]

Skill      XL: |  1  2  3  4  5  6  7 |
---------------+----------------------+-----
Fighting       | 3 4 5 6 7 |  7.1
Axes           | 2 3 5 6 |  6.2
Armour         | 4 5 6 7 9 |  9.5
Shields        | 4 5 7 8 |  8.5
Invocations    | 1 4 6 8 9 |  9.4

Action                     |  1- 3 |  4- 6 |  7- 9 || total
---------------------------+-------+-------+-------++-------
  Melee: War axe           |    32 |    46 |    13 ||    91
         Tailslap          |     6 |     8 |     2 ||    16
 Invoke: Upheaval          |       |       |     1 ||     1
         Disaster Area     |       |       |     1 ||     1
    Use: Potion            |       |     1 |       ||     1
 Armour: Scale mail        |    14 |     5 |       ||    19
         Chain mail        |       |    11 |     4 ||    15
  Dodge: Dodged            |    13 |    11 |     4 ||    28
  Block: Buckler           |     7 |    20 |    10 ||    37

Table legend: (Time is in decaauts)
 A = Elapsed time spent in this place.
 B = Non-inter-level travel time spent in this place.
 C = Inter-level travel time spent in this place.
 D = Time resting spent in this place.
 E = Time spent auto-exploring this place.
 F = Levels seen in this place.
 G = Mean time per level.
                   A        B        C        D        E       F      G
               +--------+--------+--------+--------+--------+-----+--------+
         Total |    844 |    824 |     20 |    573 |      0 |   1 |  844.0 |
       Dungeon |    844 |    824 |     20 |    573 |      0 |   1 |  844.0 |
               +--------+--------+--------+--------+--------+-----+--------+

Top non-repeatable levels by time:
       D: 844 daAuts
